[Event "Titled Tuesday Blitz February 07 Early 2023"]
[White "Brodowski, Piotr"]
[Black "Borges Feria, Yasel"]
[WhiteFideId "1124480"]
[BlackFideId "3504921"]
[WhiteElo "2457"]
[BlackElo "2439"]
[Result "0-1"]
[Round "02"]
[TimeControl "180+2"]
[Date "2023.02.07"]
[WhiteClock "0:01:59"]
[BlackClock "0:01:05"]

1. e4 e5 2. Nf3 Nc6 3. Bc4 Bc5 4. c3 Nf6 5. d4 exd4 6. cxd4 Bb4+ 7. Nc3 Nxe4 8. d5 Nxc3 9. bxc3 Bxc3+ 10. Bd2 Qe7+ 11. Kf1 Bxd2 12. Qxd2 Qc5 13. Re1+ Ne7 14. Bb3 O-O 15. d6 Nc6 16. dxc7 d6 17. h3 Bf5 18. g4 Bg6 19. Kg2 Rac8 20. Rc1 Qb6 21. Qxd6 Be4 22. Rhe1 Bxf3+ 23. Kxf3 Nd4+ 0-1


[Site "https://www.chess.com"]

[Event "Titled Tuesday Blitz February 07 Early 2023"]
[White "Postny, Evgeny"]
[Black "Liang, Justin"]
[WhiteFideId "2804344"]
[BlackFideId "2099942"]
[WhiteElo "2549"]
[BlackElo "2052"]
[Result "1-0"]
[Round "02"]
[TimeControl "180+2"]
[Date "2023.02.07"]
[WhiteClock "0:00:05"]
[BlackClock "0:00:10"]

1. e4 c5 2. Nf3 e6 3. d4 cxd4 4. Nxd4 a6 5. Bd3 Qc7 6. O-O Nf6 7. c4 d6 8. Nc3 Nbd7 9. b3 Be7 10. Bb2 b6 11. Qe2 Bb7 12. a4 O-O 13. Kh1 Rac8 14. Rfc1 Qb8 15. f3 Rfe8 16. a5 bxa5 17. Rxa5 Ne5 18. Ra2 Bd8 19. Na4 h5 20. Bb1 h4 21. c5 dxc5 22. Nxc5 Bb6 23. b4 a5 24. Qb5 Ba8 25. Ndxe6 Neg4 26. fxg4 Nxg4 27. e5 fxe6 28. Bd4 axb4 29. Qd3 Bxc5 30. Qh7+ Kf8 31. Qh8+ Kf7 32. Rf1+ Nf6 33. Rxf6+ Ke7 34. Qxg7+ Kd8 35. Rd2 Bxd4 36. Rxd4+ Bd5 37. Rf1 Qb6 38. Qg5+ Kd7 39. Qd2 Rc3 40. Bg6 Kc6 41. Bxe8+ Kb7 42. Rxd5 exd5 43. Qxd5+ Kb8 44. Qd6+ Qxd6 45. exd6 Rd3 46. d7 b3 47. h3 b2 48. Bg6 Rxd7 49. Rb1 Rd2 50. Kg1 Kc7 51. Kf1 Kd6 52. Be4 Ke5 53. Ke1 Rd4 54. Bf3 Rb4 55. Ke2 Kd4 56. Kd2 Rb5 57. Kc2 Rc5+ 58. Kxb2 Rb5+ 59. Kc2 Rc5+ 60. Kd2 Ke5 61. Rd1 Kf4 62. Ke2 Kg3 63. Kf1 Rc2 64. Re1 Rf2+ 65. Kg1 Rc2 66. Rf1 Rd2 67. Be4 Re2 68. Rf3# 1-0


[Site "https://www.chess.com"]

[Event "Titled Tuesday Blitz February 07 Early 2023"]
[White "Belov, Alexei"]
[Black "Rakhmanov, Aleksandr"]
[WhiteFideId "4128206"]
[BlackFideId "4173708"]
[WhiteElo "2421"]
[BlackElo "2632"]
[Result "0-1"]
[Round "02"]
[TimeControl "180+2"]
[Date "2023.02.07"]
[WhiteClock "0:00:14"]
[BlackClock "0:00:13"]

1. e4 c5 2. Nf3 Nf6 3. e5 Nd5 4. Nc3 Nxc3 5. dxc3 Nc6 6. Bc4 e6 7. O-O Qc7 8. Re1 h6 9. Bf4 b6 10. Bg3 Bb7 11. Bd3 O-O-O 12. a3 g5 13. Qe2 Be7 14. b4 h5 15. h3 Rdg8 16. b5 Na5 17. Be4 h4 18. Bh2 g4 19. hxg4 Rxg4 20. Nd2 Rhg8 21. f3 Rxg2+ 22. Qxg2 Rxg2+ 23. Kxg2 d5 24. exd6 Bxd6 25. Bxd6 Qxd6 26. Bxb7+ Nxb7 27. Ne4 Qf4 28. Rad1 f5 29. Nf2 Nd8 30. Nh1 h3+ 31. Kxh3 Qxf3+ 32. Kh2 Qxc3 33. Re2 e5 34. Red2 Ne6 35. Ng3 Nd4 36. Nxf5 Nf3+ 37. Kg2 Nxd2 38. Nd6+ Kb8 39. Rf1 Nxf1 0-1


[Site "https://www.chess.com"]

[Event "Titled Tuesday Blitz February 07 Early 2023"]
[White "Acor, Corey"]
[Black "Tan, Jun Ying"]
[WhiteFideId "2024861"]
[BlackFideId "5710413"]
[WhiteElo "2216"]
[BlackElo "2307"]
[Result "0-1"]
[Round "02"]
[TimeControl "180+2"]
[Date "2023.02.07"]
[WhiteClock "0:00:35"]
[BlackClock "0:00:45"]

1. e4 c5 2. Nc3 Nc6 3. g3 g6 4. Bg2 Bg7 5. d3 d6 6. Be3 e5 7. f4 Nge7 8. Nf3 O-O 9. fxe5 dxe5 10. Bxc5 Nd4 11. Qd2 Bg4 12. O-O Qc7 13. Ba3 f5 14. Nxd4 exd4 15. Nd5 Nxd5 16. exd5 Rfe8 17. Rae1 Be5 18. Qb4 Qxc2 19. Qxb7 Rab8 20. Qxa7 Ra8 21. Qb7 Rab8 22. Qc6 Qxd3 0-1


[Site "https://www.chess.com"]

[Event "Titled Tuesday Blitz February 07 Early 2023"]
[White "Moksh Amit Doshi"]
[Black "Paichadze, Luka"]
[WhiteFideId "25064967"]
[BlackFideId "13602934"]
[WhiteElo "2401"]
[BlackElo "2515"]
[Result "0-1"]
[Round "02"]
[TimeControl "180+2"]
[Date "2023.02.07"]
[WhiteClock "0:00:45"]
[BlackClock "0:00:30"]

1. d4 Nf6 2. Nf3 e6 3. c4 Bb4+ 4. Nbd2 b6 5. a3 Bxd2+ 6. Qxd2 Bb7 7. e3 a5 8. Be2 O-O 9. b3 d6 10. Bb2 Ne4 11. Qc2 f5 12. O-O Rf6 13. d5 Rh6 14. Rad1 Nd7 15. Bd3 Ndc5 16. Be2 Qe7 17. b4 axb4 18. axb4 Nd7 19. Nd4 Qh4 20. Nf3 Qe7 21. Nd4 Ne5 22. f4 Qh4 23. h3 Qg3 24. Nf3 Ng6 25. Bc3 Nh4 26. Nxh4 Qxe3+ 27. Kh2 Qg3+ 28. Kg1 Qe3+ 29. Kh2 Qg3+ 30. Kg1 Qxc3 0-1


[Site "https://www.chess.com"]

[Event "Titled Tuesday Blitz February 07 Early 2023"]
[White "Galchenko, Matvey"]
[Black "Kubicka, Anna"]
[WhiteFideId "24175480"]
[BlackFideId "1152254"]
[WhiteElo "2438"]
[BlackElo "2240"]
[Result "1-0"]
[Round "02"]
[TimeControl "180+2"]
[Date "2023.02.07"]
[WhiteClock "0:00:06"]
[BlackClock "0:00:02"]

1. f4 d5 2. Nf3 c5 3. g3 Nc6 4. Bg2 g6 5. O-O Bg7 6. d3 Nh6 7. e4 O-O 8. Nc3 d4 9. Na4 b6 10. h3 Bd7 11. c4 e5 12. fxe5 Qe8 13. b3 Nxe5 14. Nxe5 Qxe5 15. Bf4 Qh5 16. Qxh5 gxh5 17. Nb2 f5 18. exf5 Rae8 19. Rae1 Nxf5 20. Bd5+ Kh8 21. Nd1 Ne7 22. Bg2 Ng6 23. Bd6 Rxf1+ 24. Rxf1 Re2 25. Nf2 Be5 26. Bxe5+ Nxe5 27. Ne4 Nxd3 28. Nf6 Be6 29. Nxh5 h6 30. Rf6 Kh7 31. Bf1 Re1 32. Rxe6 Rxe6 33. Bxd3+ Kg8 34. Kf2 Re3 35. Nf4 Kf7 36. h4 Kg7 37. g4 a6 38. g5 hxg5 39. hxg5 Re5 40. g6 Re3 41. Nh5+ Kh6 42. Nf4 Kg7 43. Nh5+ Kh6 44. g7 Re8 45. Nf6 Kxg7 46. Nxe8+ 1-0


[Site "https://www.chess.com"]

[Event "Titled Tuesday Blitz February 07 Early 2023"]
[White "Mendez Fortes, Eduardo Jesus"]
[Black "Vasquez Schroeder, Rodrigo"]
[WhiteFideId "3502376"]
[BlackFideId "3400042"]
[WhiteElo "2250"]
[BlackElo "2524"]
[Result "1/2-1/2"]
[Round "02"]
[TimeControl "180+2"]
[Date "2023.02.07"]
[WhiteClock "0:01:32"]
[BlackClock "0:00:58"]

1. e4 c5 2. Nf3 d6 3. d4 cxd4 4. Nxd4 Nf6 5. Nc3 a6 6. Bg5 e6 7. f4 Nbd7 8. Qf3 Qc7 9. O-O-O b5 10. e5 Bb7 11. Qh3 dxe5 12. Nxe6 fxe6 13. Qxe6+ Be7 14. Nxb5 axb5 15. Bxb5 Be4 16. c3 O-O-O 17. Rhe1 Ba3 18. Qa6+ Bb7 19. Qxa3 e4 20. Rd4 Nc5 21. Rc4 Nd3+ 22. Kb1 Nxe1 23. Rxc7+ Kxc7 24. Qc5+ Kb8 25. Be2 e3 26. Qe5+ Ka8 27. Qa5+ Kb8 28. Qe5+ 1/2-1/2


[Site "https://www.chess.com"]

[Event "Titled Tuesday Blitz February 07 Early 2023"]
[White "Kosakowski, Jakub"]
[Black "Golubev, Mikhail"]
[WhiteFideId "1185080"]
[BlackFideId "14100983"]
[WhiteElo "2485"]
[BlackElo "2461"]
[Result "0-1"]
[Round "02"]
[TimeControl "180+2"]
[Date "2023.02.07"]
[WhiteClock "0:00:02"]
[BlackClock "0:00:06"]

1. e4 c5 2. Nf3 d6 3. Bb5+ Bd7 4. c4 Nc6 5. d4 cxd4 6. Nxd4 Nf6 7. Nc3 g6 8. h3 Bg7 9. Be3 O-O 10. O-O Rc8 11. Rc1 a6 12. Bxc6 Bxc6 13. Qd3 Nd7 14. Nxc6 bxc6 15. f4 Qa5 16. Rfd1 Nc5 17. Qc2 Bxc3 18. bxc3 f5 19. exf5 gxf5 20. Re1 Ne4 21. Bd4 c5 22. Bf2 Qc7 23. Rxe4 fxe4 24. Qxe4 Qd7 25. Re1 Rce8 26. Re3 Qf5 27. Qc6 Qxf4 28. Qd5+ e6 29. Qd2 Rb8 30. Bg3 Rb1+ 31. Kh2 Qf1 32. Bxd6 Qh1+ 33. Kg3 Rd1 34. Qe2 Rxd6 35. Re4 e5 36. Rg4+ Rg6 37. Rxg6+ hxg6 38. Qxe5 Qf1 39. Qe6+ Qf7 40. Qd6 Qf6 41. Qd5+ Kg7 42. Kh2 Qf4+ 43. Kh1 Qf1+ 44. Kh2 Qf4+ 45. Kh1 Qf5 46. Qd6 Rf6 47. Qe7+ Kh6 48. Qe3+ Qf4 49. Qxc5 Qc1+ 50. Kh2 Qf4+ 51. Kh1 Qg5 52. Qd4 Rf1+ 53. Kh2 Qf4+ 0-1


[Site "https://www.chess.com"]

[Event "Titled Tuesday Blitz February 07 Early 2023"]
[White "Bagwe Gaurang"]
[Black "Ahmadzada, Ahmad"]
[WhiteFideId "45039895"]
[BlackFideId "13413007"]
[WhiteElo "2067"]
[BlackElo "2488"]
[Result "0-1"]
[Round "02"]
[TimeControl "180+2"]
[Date "2023.02.07"]
[WhiteClock "0:00:02"]
[BlackClock "0:00:04"]

1. e4 d5 2. exd5 Qxd5 3. d4 e5 4. dxe5 Qxd1+ 5. Kxd1 Nc6 6. Bb5 Bg4+ 7. f3 O-O-O+ 8. Ke1 Nd4 9. Bd3 Bf5 10. Bxf5+ Nxf5 11. Ne2 Bc5 12. Nbc3 Nh4 13. Kf1 Ne7 14. Bg5 Nef5 15. Ne4 Ne3+ 16. Bxe3 Bxe3 17. f4 f5 18. exf6 Rhe8 19. N2c3 gxf6 20. g3 Nf5 21. Nxf6 Re6 22. Nfe4 b5 23. b4 a5 24. a3 Bd4 25. Kg2 Ne3+ 26. Kf3 Nxc2 27. Rac1 Nxa3 28. bxa5 b4 29. Na4 Ra6 30. Rhd1 Rxa5 31. Nac5 Bxc5 32. Rxd8+ Kxd8 33. Nxc5 Rb5 34. Ne6+ Kd7 35. Nxc7 Rb7 36. Nd5 b3 37. Nc3 b2 38. Rd1+ Kc6 39. Ke4 b1=Q+ 40. Nxb1 Nxb1 41. Kf5 Rb2 42. h4 Na3 43. h5 Nc4 44. Rc1 Kd5 45. h6 Rb6 46. Kg5 Ne3 47. f5 Ke5 48. g4 Rb4 49. Re1 Rxg4+ 50. Kh5 Rg3 51. Kh4 Kf4 52. Rf1+ Nxf1 53. f6 Ne3 54. f7 Ng2+ 55. Kh5 Rg5# 0-1


[Site "https://www.chess.com"]

[Event "Titled Tuesday Blitz February 07 Early 2023"]
[White "Ozates, Tuna"]
[Black "Gabrielian, Artur"]
[WhiteFideId "6354521"]
[BlackFideId "4131002"]
[WhiteElo "2251"]
[BlackElo "2452"]
[Result "1/2-1/2"]
[Round "02"]
[TimeControl "180+2"]
[Date "2023.02.07"]
[WhiteClock "0:00:18"]
[BlackClock "0:00:15"]

1. e4 c5 2. Nf3 d6 3. Bb5+ Bd7 4. Bxd7+ Qxd7 5. O-O Nc6 6. Qe2 e6 7. Rd1 Nf6 8. d4 cxd4 9. Nxd4 Be7 10. c4 O-O 11. Nc3 a6 12. b3 Nxd4 13. Rxd4 e5 14. Rd1 b5 15. Bg5 Rfc8 16. Bxf6 Bxf6 17. Nd5 Bd8 18. Rac1 h6 19. c5 Kh8 20. b4 a5 21. a3 axb4 22. axb4 Rc6 23. Qxb5 Qc8 24. Ne3 Bg5 25. Rc3 Bxe3 26. fxe3 Rb8 27. Qc4 dxc5 28. bxc5 Qc7 29. Rdc1 Rb2 30. Qd5 Rg6 31. R3c2 Rb5 32. Qc4 Rb7 33. c6 Ra7 34. Qd5 Kh7 35. Rc5 Ra6 36. Qd7 Qxd7 37. cxd7 Rad6 38. Rc7 Rd2 39. g3 Rgd6 40. d8=Q Rxd8 41. Rxf7 Re2 42. Rf2 Rxe3 43. Rc7 Rxe4 44. Rff7 Rg8 45. Rfe7 Re2 46. Rc5 Ra8 47. Rf7 Ra1+ 48. Rf1 Raa2 49. Rd1 Rg2+ 50. Kh1 Rxh2+ 51. Kg1 Rag2+ 52. Kf1 Rxg3 53. Rxe5 Rh1+ 54. Kf2 Rxd1 55. Kxg3 Rd6 56. Kg4 Rf6 57. Kh5 g6+ 58. Kg4 Kg7 59. Re7+ Rf7 60. Re8 h5+ 61. Kg5 Rf5+ 62. Kh4 Rf4+ 63. Kg3 Ra4 64. Re7+ Kf6 65. Rb7 h4+ 66. Kh3 g5 67. Rb6+ Kf5 68. Rb5+ Kg6 69. Rb6+ Kh5 70. Rb8 Ra3+ 71. Kg2 h3+ 72. Kh2 Kh4 73. Rh8+ Kg4 74. Rb8 Ra2+ 75. Kh1 Kg3 76. Rb3+ Kh4 77. Rb8 g4 78. Rb4 Re2 79. Rc4 Kg3 80. Rc3+ Kh4 81. Rc4 Ra2 82. Rb4 Re2 83. Rc4 1/2-1/2


[Site "https://www.chess.com"]

[Event "Titled Tuesday Blitz February 07 Early 2023"]
[White "Rakhmatullaev, Almas"]
[Black "ArchibaldCerveza29"]
[WhiteFideId "14205793"]
[WhiteElo "2275"]
[BlackElo "2531"]
[Result "0-1"]
[Round "02"]
[TimeControl "180+2"]
[Date "2023.02.07"]
[WhiteClock "0:00:07"]
[BlackClock "0:00:08"]

1. e4 e5 2. Nf3 Nc6 3. Bb5 g6 4. c3 a6 5. Ba4 Bg7 6. O-O Nge7 7. d4 exd4 8. cxd4 b5 9. Bb3 d6 10. h3 O-O 11. Nc3 Na5 12. Bc2 c5 13. Bf4 Nc4 14. Rb1 Bb7 15. Re1 Qb6 16. Ne2 Rfe8 17. d5 Nxb2 18. Qc1 Nc4 19. Bd3 Ne5 20. Nxe5 dxe5 21. Be3 Rac8 22. a4 b4 23. Bc4 Rc7 24. Qd2 a5 25. Rbc1 Nc8 26. Bb5 Rd8 27. Rc2 Nd6 28. Bd3 Rdc8 29. Rec1 Ba6 30. f3 Qb7 31. Bxc5 b3 32. Bxd6 Rxc2 33. Bxc2 bxc2 34. Ba3 Qb6+ 35. Kh2 Qb3 36. Be7 Bxe2 37. d6 Qd3 38. Qxd3 Bxd3 39. d7 Ra8 40. d8=Q+ Rxd8 41. Bxd8 Bh6 42. Rxc2 Bxc2 43. Bxa5 Bxa4 44. Bc3 f6 45. g3 Kf7 46. Kg2 Be3 47. h4 h5 48. Bb4 Bd1 49. Bc3 Be2 50. Be1 Ke6 51. Bb4 Bd4 52. Bd2 Bc5 53. Bc3 Kd6 54. f4 Ke6 55. Bd2 Bd1 56. Bc1 Bd6 57. Bd2 exf4 58. gxf4 Bg4 59. Kf2 Be7 60. Kg3 Bc5 61. Bc3 Be3 62. Be1 f5 63. e5 Kd5 64. Bb4 Ke6 65. Bc3 Bd1 66. Be1 Bb3 67. Bc3 Kd5 68. Bb4 Ke4 69. e6 Bxf4+ 70. Kg2 Bxe6 71. Bc5 Bd5 72. Kh3 Kf3 73. Bf2 Bc4 74. Bg3 Bf1+ 75. Kh2 Bxg3+ 76. Kg1 Bc4 77. Kh1 Kg4 78. Kg1 Kxh4 0-1


[Site "https://www.chess.com"]

[Event "Titled Tuesday Blitz February 07 Early 2023"]
[White "Kukhmazov, Arsen"]
[Black "Kumala, Aleksander"]
[WhiteFideId "24108260"]
[BlackFideId "1141880"]
[WhiteElo "2512"]
[BlackElo "2165"]
[Result "1-0"]
[Round "02"]
[TimeControl "180+2"]
[Date "2023.02.07"]
[WhiteClock "0:00:14"]
[BlackClock "0:00:07"]

1. d4 Nf6 2. c4 Nc6 3. Nf3 e6 4. Nc3 Bb4 5. Bd2 O-O 6. g3 d6 7. Bg2 Qe7 8. O-O e5 9. d5 Nb8 10. Qc2 a5 11. Bg5 Bxc3 12. Qxc3 Nbd7 13. b3 Nc5 14. Bc1 b5 15. cxb5 Nxd5 16. Qd2 Bb7 17. Ba3 Ne4 18. Qc2 f5 19. Rac1 Kh8 20. Nd2 Nec3 21. Nc4 f4 22. b6 fxg3 23. hxg3 c5 24. e4 Nf4 25. gxf4 Bxe4 26. Qxc3 Bxg2 27. Kxg2 Rxf4 28. Qg3 Raf8 29. Ne3 Qe6 30. b7 Rb8 31. Rh1 Rxb7 32. Rh4 Rbf7 33. Rc2 h6 34. Bc1 Qf6 35. Rh1 Rd4 36. Ng4 Qg6 37. Nxh6 Qxg3+ 38. fxg3 gxh6 39. Rxh6+ Kg7 40. Rh4 Rd1 41. Be3 Rff1 42. Ra4 Rfe1 43. Bf2 Rh1 44. Rxa5 Kf6 45. Ra6 Kf5 46. a4 Rh7 47. a5 Rb1 48. Rb6 Ra7 49. a6 Ra1 50. Rxd6 R7xa6 51. Rxa6 Rxa6 52. Rxc5 Ra3 53. b4 Kg4 54. Rc4+ Kf5 55. g4+ Kg5 56. b5 Rb3 57. b6 Kg6 58. Re4 Kf6 59. Be3 Ke6 60. Kf3 Kd5 61. g5 Rb1 62. Rg4 Rf1+ 63. Ke2 Rb1 64. g6 e4 65. Rg5+ Kc4 66. Rc5+ Kb4 67. Rc2 Kb3 68. Rc8 Rh1 69. b7 Ka2 70. Ra8+ Kb1 71. b8=Q+ Kc2 72. Qc7+ Kb2 73. Rb8+ Ka2 74. Qa7# 1-0


[Site "https://www.chess.com"]

[Event "Titled Tuesday Blitz February 07 Early 2023"]
[White "Ilkhomi, Jaloliddin"]
[Black "Kilic, Eray"]
[WhiteFideId "14700948"]
[BlackFideId "44517173"]
[WhiteElo "1997"]
[BlackElo "2414"]
[Result "0-1"]
[Round "02"]
[TimeControl "180+2"]
[Date "2023.02.07"]
[WhiteClock "0:00:02"]
[BlackClock "0:00:37"]

1. d4 Nf6 2. Nf3 g6 3. b3 Bg7 4. Bb2 O-O 5. g3 d5 6. Bg2 c5 7. e3 cxd4 8. Nxd4 Nc6 9. O-O Re8 10. Nxc6 bxc6 11. c4 e5 12. cxd5 cxd5 13. Nc3 Be6 14. Qd2 Rc8 15. Rfd1 Bg4 16. Nxd5 Bxd1 17. Rxd1 Nxd5 18. Bxd5 e4 19. Qe2 Qe7 20. Bxg7 Kxg7 21. Rd4 Qe5 22. Bxe4 Rcd8 23. Rxd8 Rxd8 24. Bf3 Qc3 25. Qa6 Qe1+ 26. Kg2 Rd2 27. Qf1 Qxe3 28. a4 a5 29. Bd5 Qd4 30. Bc4 Qe4+ 31. Kg1 Qf3 32. Qg2 Rd1+ 33. Bf1 Qxb3 34. h4 Qxa4 35. Kh2 Qd4 36. Be2 Rd2 37. Qf3 Qf6 38. Qe3 Rd6 39. Bf3 Re6 40. Qa3 h5 41. Kg2 Re5 42. Qc3 Rf5 43. Qa3 a4 44. Be4 Rxf2+ 45. Kg1 Qd4 46. Kh1 Qxe4+ 47. Kg1 Qg2# 0-1


[Site "https://www.chess.com"]

[Event "Titled Tuesday Blitz February 07 Early 2023"]
[White "Leenhouts, Koen"]
[Black "Avinash, Ramesh"]
[WhiteFideId "1008439"]
[BlackFideId "45018340"]
[WhiteElo "2447"]
[BlackElo "2319"]
[Result "0-1"]
[Round "02"]
[TimeControl "180+2"]
[Date "2023.02.07"]
[WhiteClock "0:00:13"]
[BlackClock "0:01:36"]

1. e4 c5 2. Nf3 d6 3. c3 Nf6 4. h3 Nc6 5. Bd3 g6 6. O-O Bg7 7. Bc2 O-O 8. d4 cxd4 9. cxd4 e5 10. d5 Ne7 11. Nc3 Nh5 12. a4 f5 13. exf5 Nxf5 14. a5 Nf4 15. Bxf4 exf4 16. Re1 Nh4 17. Ra4 Bd7 18. Rae4 Nxf3+ 19. Qxf3 Qxa5 20. Re7 Rae8 21. Rxe8 Bxe8 22. Re7 Qa1+ 23. Nd1 Bf7 24. Rxb7 Rc8 25. Qxf4 Bxd5 26. Rxg7+ Kxg7 27. Qd4+ Kf8 28. Qh8+ Bg8 29. Bb3 d5 30. Qf6+ Ke8 31. Qe5+ Kd7 32. Kh2 Qa5 33. Qg7+ Kc6 34. Qf6+ Kb7 35. Nc3 Qc7+ 36. g3 Qb6 37. Qf3 Qxb3 0-1


[Site "https://www.chess.com"]

[Event "Titled Tuesday Blitz February 07 Early 2023"]
[White "Fier, Alexandr"]
[Black "Defend, Balint"]
[WhiteFideId "2107139"]
[BlackFideId "17004853"]
[WhiteElo "2589"]
[BlackElo "1673"]
[Result "1-0"]
[Round "02"]
[TimeControl "180+2"]
[Date "2023.02.07"]
[WhiteClock "0:01:13"]
[BlackClock "0:00:06"]

1. d4 Nf6 2. Bg5 d5 3. Bxf6 exf6 4. e3 h5 5. c4 c6 6. Nc3 Be6 7. cxd5 Bxd5 8. Nxd5 Qxd5 9. Ne2 f5 10. Nc3 Qd7 11. Bc4 Bd6 12. Qf3 g6 13. h3 O-O 14. g4 fxg4 15. hxg4 Qxg4 16. Qxg4 hxg4 17. Ke2 Kg7 18. Rag1 f5 19. f3 gxf3+ 20. Kxf3 Nd7 21. Rg5 Be7 22. Rg2 Rh8 23. Rhg1 g5 24. Be6 Nf8 25. Bxf5 Ng6 26. Bxg6 Kxg6 27. Ke2 Rae8 28. Ne4 Rh5 29. Kd3 Rf8 30. Rg3 Rf5 31. R1g2 Rh1 32. b3 Rd1+ 33. Nd2 c5 34. Ke2 Ra1 35. e4 Rf4 36. dxc5 Rxa2 37. Kd3 Ra1 38. b4 a5 39. Nb3 Ra3 40. Kd4 axb4 41. Kd5 Rf7 42. e5 Bd8 43. e6 Rf5+ 44. Kd6 Ra6+ 45. Kd7 Rd5+ 46. Kc8 Rc6+ 47. Kxb7 Rxe6 48. Rd2 Rxd2 49. Nxd2 Re5 50. c6 Rd5 51. Ne4 Kf5 52. Nf2 Rc5 53. Rf3+ Ke5 54. Nd3+ Ke4 55. Rg3 Rc3 56. Nf2+ Kd5 57. Rg1 Kc5 58. Ne4+ Kd4 59. Nxc3 bxc3 60. Rd1+ Kc4 61. Rxd8 c2 62. c7 Kb3 63. c8=Q Kb2 64. Rd2 Ka1 65. Qxc2 1-0


[Site "https://www.chess.com"]

[Event "Titled Tuesday Blitz February 07 Early 2023"]
[White "Zemlyanskii, Ivan"]
[Black "Ljukin, Sergei"]
[WhiteFideId "24249971"]
[BlackFideId "14102200"]
[WhiteElo "2300"]
[BlackElo "2362"]
[Result "0-1"]
[Round "02"]
[TimeControl "180+2"]
[Date "2023.02.07"]
[WhiteClock "0:00:03"]
[BlackClock "0:00:04"]

1. d4 d5 2. Bf4 Nf6 3. e3 c5 4. Nc3 Bg4 5. f3 Bd7 6. Qd2 Nc6 7. g4 e6 8. Nge2 Be7 9. h4 a6 10. Ng3 cxd4 11. exd4 h6 12. O-O-O Qa5 13. Be2 Bb4 14. g5 Ng8 15. a3 Bxa3 16. Na2 Bb4 17. c3 Qxa2 18. Bd3 Rc8 19. Bb1 Qa1 20. g6 f6 21. Nh5 Kf8 22. Kc2 Nge7 23. Kd3 Ba5 24. Bd6 Bc7 25. Ba3 b5 26. Ke2 a5 27. Bc2 Qa2 28. Ra1 Qc4+ 29. Bd3 Qa4 30. Bc2 Qc4+ 31. Bd3 Nxd4+ 32. cxd4 Qxd4 33. Rac1 Qe5+ 34. Kf1 Qxh5 35. Bc5 Qe5 36. Kg2 Qg3+ 37. Kf1 Qxf3+ 38. Kg1 Qg3+ 39. Kf1 Ke8 40. Qe2 Qf4+ 41. Kg2 Nf5 42. Be3 Qg3+ 43. Kf1 Nxe3+ 44. Qxe3 Qxe3 45. Bxb5 Bxb5+ 46. Kg2 Qe4+ 0-1


[Site "https://www.chess.com"]

[Event "Titled Tuesday Blitz February 07 Early 2023"]
[White "Fiorito, Francisco"]
[Black "Pulpan, Jakub"]
[WhiteFideId "180165"]
[BlackFideId "302759"]
[WhiteElo "2305"]
[BlackElo "2427"]
[Result "0-1"]
[Round "02"]
[TimeControl "180+2"]
[Date "2023.02.07"]
[WhiteClock "0:00:02"]
[BlackClock "0:01:08"]

1. Nf3 d5 2. g3 g6 3. Bg2 Bg7 4. d4 Nh6 5. O-O Nf5 6. c3 Nd6 7. Nfd2 c6 8. e4 dxe4 9. Nxe4 Nxe4 10. Bxe4 O-O 11. Re1 Bh3 12. Bg5 h6 13. Be3 Nd7 14. Nd2 Nf6 15. Bh1 Ng4 16. Bf4 g5 17. Be3 Nxe3 18. Rxe3 Bf5 19. Be4 Bxe4 20. Nxe4 e6 21. Nc5 b6 22. Nd3 Qd5 23. Qh5 c5 24. dxc5 bxc5 25. a3 c4 26. Nb4 Qb7 27. Rb1 Rfd8 28. h4 a5 29. Nc2 Rd2 30. Ne1 Rxb2 31. Rxb2 Qxb2 32. hxg5 hxg5 33. Qxg5 Qxa3 34. Nf3 Qc1+ 35. Kg2 a4 36. Qb5 a3 37. Qb7 Rd8 38. Ng5 Rf8 39. Qa7 Bh6 40. Nxe6 Bxe3 41. Qxe3 Qxe3 0-1


[Site "https://www.chess.com"]

[Event "Titled Tuesday Blitz February 07 Early 2023"]
[White "Goltsev, Dmitry"]
[Black "Shohat, Yotam"]
[WhiteFideId "24176710"]
[BlackFideId "2813955"]
[WhiteElo "2269"]
[BlackElo "2346"]
[Result "0-1"]
[Round "02"]
[TimeControl "180+2"]
[Date "2023.02.07"]
[WhiteClock "0:00:28"]
[BlackClock "0:00:07"]

1. e4 c5 2. Nf3 d6 3. d4 cxd4 4. Nxd4 Nf6 5. Nc3 a6 6. Be2 e6 7. O-O Be7 8. f4 Qc7 9. Be3 O-O 10. Bf3 Nc6 11. Nb3 b5 12. e5 dxe5 13. fxe5 Qxe5 14. Re1 Bb7 15. Bb6 Qf4 16. Qe2 Nd7 17. Be3 Qe5 18. Rad1 Rad8 19. Qf2 Qb8 20. Be4 Nce5 21. Bf4 b4 22. Na4 Bxe4 23. Rxe4 Nf6 24. Rxd8 Rxd8 25. Rxe5 Rd1+ 26. Re1 Rxe1+ 27. Qxe1 Qxf4 28. Qf2 Qe5 29. h3 h5 30. Qd4 Qe1+ 31. Kh2 h4 32. Nac5 Qg3+ 33. Kg1 Bd6 34. Nd3 Qh2+ 35. Kf1 Qh1+ 36. Qg1 Qxg1+ 37. Kxg1 Ne4 38. Na5 f5 39. Nc6 g5 40. Nd8 Nc5 41. Nxb4 a5 42. Nbc6 a4 43. b4 Ne4 44. Nxe6 Kf7 45. Ned4 Nc3 46. Nxf5 Bf4 47. a3 Nb1 48. b5 Nxa3 49. b6 Nxc2 50. Kf1 a3 51. Nfd4 Nxd4 52. Nxd4 a2 53. Nb3 Ke7 54. Ke2 Kd7 55. Kd3 Kc6 56. Kc2 Kxb6 57. Kb2 Kc6 58. Kxa2 Kd5 59. Kb2 Ke4 60. Kc2 Ke3 61. Nc5 Kf2 62. Kd3 Kxg2 63. Ke2 Kxh3 64. Kf1 Kh2 65. Ne6 Be3 66. Ng7 g4 67. Nf5 Bg5 68. Kf2 g3+ 69. Ke2 g2 70. Nd4 g1=Q 71. Nf3+ Kg2 72. Nxg1 Kxg1 73. Kf3 h3 74. Kg3 h2 75. Kg4 h1=Q 76. Kf5 Qf3+ 77. Kg6 Qf6+ 78. Kh5 Kf2 79. Kg4 Kg2 80. Kh5 Be3 81. Kg4 Qg5# 0-1


[Site "https://www.chess.com"]

[Event "Titled Tuesday Blitz February 07 Early 2023"]
[White "Iniyan, P"]
[Black "Vagman, Roy"]
[WhiteFideId "25002767"]
[BlackFideId "2828995"]
[WhiteElo "2525"]
[BlackElo "2273"]
[Result "1-0"]
[Round "02"]
[TimeControl "180+2"]
[Date "2023.02.07"]
[WhiteClock "0:00:25"]
[BlackClock "0:00:22"]

1. b3 b6 2. Bb2 Bb7 3. f4 Nf6 4. Nf3 g6 5. e3 Bg7 6. Be2 O-O 7. O-O d6 8. a4 a5 9. Na3 Nbd7 10. Nc4 Nc5 11. Nd4 Nfe4 12. d3 Nf6 13. Bf3 Qd7 14. Bxb7 Nxb7 15. Qf3 Nc5 16. f5 Rae8 17. g4 e5 18. Nb5 Kh8 19. g5 gxf5 20. gxf6 Bxf6 21. Qxf5 Rg8+ 22. Kh1 Qc6+ 23. Qf3 Qxf3+ 24. Rxf3 Bd8 25. Rxf7 Rg6 26. Nxc7 Bxc7 27. Rxc7 Ne6 28. Rc6 Rf8 29. Nxd6 Rf2 30. Bxe5+ Kg8 31. Ne4 Re2 32. Rg1 Rxg1+ 33. Kxg1 Rxe3 34. Rxe6 Kf7 35. Ng5+ Kf8 36. Bd6+ Kg8 37. Rxe3 h6 38. Ne4 b5 39. Rf3 bxa4 40. bxa4 h5 41. Rf8+ Kh7 42. h4 Kg7 43. c4 Kg6 44. c5 Kg7 45. c6 Kg6 46. c7 Kg7 47. c8=Q Kh6 48. Qd7 Kg6 49. Rf6# 1-0


[Site "https://www.chess.com"]

[Event "Titled Tuesday Blitz February 07 Early 2023"]
[White "Podetti, Davide"]
[Black "Orozbaev, Eldiar"]
[WhiteFideId "893617"]
[BlackFideId "13802240"]
[WhiteElo "2281"]
[BlackElo "2235"]
[Result "0-1"]
[Round "02"]
[TimeControl "180+2"]
[Date "2023.02.07"]
[WhiteClock "0:00:58"]
[BlackClock "0:01:56"]

1. e4 e6 2. d4 d5 3. Nc3 Nf6 4. e5 Nfd7 5. f4 c5 6. Nf3 Nc6 7. Be3 Qb6 8. Na4 Qa5+ 9. c3 cxd4 10. b4 Nxb4 11. cxb4 Bxb4+ 12. Bd2 Bxd2+ 13. Nxd2 b6 14. Nb2 Nc5 15. a4 Qc3 16. Bb5+ Bd7 17. Bxd7+ Kxd7 18. Rb1 Ne4 19. Rf1 Qe3+ 20. Qe2 Nc3 21. Rf2 Nxe2 0-1


[Site "https://www.chess.com"]

[Event "Titled Tuesday Blitz February 07 Early 2023"]
[White "Jaskolka, Tomasz"]
[Black "Salimova, Nurgyul"]
[WhiteFideId "1170791"]
[BlackFideId "2915138"]
[WhiteElo "2238"]
[BlackElo "2391"]
[Result "1-0"]
[Round "02"]
[TimeControl "180+2"]
[Date "2023.02.07"]
[WhiteClock "0:00:04"]
[BlackClock "0:00:02"]

1. d4 Nf6 2. Bf4 d5 3. e3 c5 4. c3 Nc6 5. Nd2 cxd4 6. exd4 Bf5 7. Qb3 Qc8 8. Ngf3 e6 9. Nh4 Bg4 10. h3 Bh5 11. g4 Bg6 12. Nxg6 hxg6 13. Bg2 Be7 14. Nf3 O-O 15. Ne5 Nxe5 16. Bxe5 Nd7 17. Bf4 Qc6 18. h4 Bd6 19. Bxd6 Qxd6 20. h5 Qf4 21. Qd1 g5 22. Qf3 Qxf3 23. Bxf3 b5 24. Kd2 Rab8 25. Kd3 b4 26. Rab1 Rb6 27. Rhc1 Rfb8 28. cxb4 Rxb4 29. Rc7 R8b7 30. Rc8+ Kh7 31. b3 a5 32. Bd1 a4 33. Bc2 Nf6 34. Ke3+ g6 35. hxg6+ fxg6 36. Rc6 Nxg4+ 37. Kf3 Rxd4 38. Rxe6 Rf7+ 39. Kg3 Nf6 40. bxa4 Nh5+ 41. Kh2 Rh4+ 42. Kg1 Nf4 43. Re3 Nh3+ 44. Kg2 Rxf2+ 45. Kg3 Rff4 46. Bd1 Ng1 47. Kg2 Nh3 48. Rxh3 Rxh3 49. Kxh3 Rd4 50. Be2 1-0


[Site "https://www.chess.com"]